 Dungeon Crawl Stone Soup version 0.16.2-2-g470672f (webtiles) character file.

410250 pustota the Shatterer (level 22, -1/263 HPs)
             Began as a Minotaur Fighter on Aug 18, 2015.
             Was an Elder of Okawaru.
             Slain by a sixfirhy (8 damage)
             ... summoned by a deep elf sorcerer
             ... on level 3 of the Elven Halls on Aug 20, 2015.
             The game lasted 06:18:17 (59155 turns).

pustota the Shatterer (Minotaur Fighter)           Turns: 59155, Time: 06:18:18

Health: -1/263     AC: 29    Str: 23    XL:     22   Next: 45%
Magic:  31/36      EV: 10    Int: 11    God:    Okawaru [****..]
Gold:   2372       SH: 19    Dex: 20    Spells: 1 memorised, 29 levels left

rFire  . . .     SeeInvis .     U - +5 mace "Globulus" {vamp, MP+9 Int+3}
rCold  . . .     Clarity  .     o - +2 plate armour {rPois}
rNeg   . . .     SustAb   +     I - +1 shield {AC+3}
rPois  +         Gourm    .     (helmet restricted)
rElec  .         Spirit   .     q - +0 cloak {MR+}
rCorr  .         Warding  .     (no gloves)
rMut   .         Stasis   .     y - +0 pair of boots
MR     +++..                    B - amulet of regeneration
Stlth  ..........               r - +5 ring of dexterity
                                A - ring of sustain abilities

@: heroism, heavily drained, extremely resistant to hostile enchantments,
extremely unstealthy
A: retaliatory headbutt, horns 2, magic resistance 1, robust 3, screaming 1
a: Heroism, Renounce Religion
}: 2/15 runes: decaying, serpentine


You were on level 3 of the Elven Halls.
You worshipped Okawaru.
Okawaru was greatly pleased with you.
You were not hungry.

You visited 9 branches of the dungeon, and saw 47 of its levels.
You also visited: Sewer and Volcano.

You collected 4596 gold pieces.
You spent 2224 gold pieces at shops.

Inventory:

Hand weapons
 O - the +3 morningstar "Ehonugueha" {flame, rElec rF- MP+9 Dex+2}
   (Okawaru gifted it to you on level 2 of the Vaults)

   It has been specially enchanted to burn those struck by it, causing extra
   injury to most foes and up to half again as much damage against particularly
   susceptible opponents.
   It affects your dexterity (+2).
   It makes you vulnerable to fire.
   It insulates you from electricity.
   It affects your magic capacity (+9).
 U - the +5 mace "Globulus" (weapon) {vamp, MP+9 Int+3}
   (You found it on level 1 of the Lair of Beasts)

   It inflicts no extra harm, but heals its wielder somewhat when it strikes a
   living foe.
   It affects your intelligence (+3).
   It affects your magic capacity (+9).
Armour
 k - the +3 hat of Pondering {ponderous, MR+ MP+10 Int+5}
   (You took it off Gastronok on level 8 of the Dungeon)

   It affects your intelligence (+5).
   It affects your resistance to hostile enchantments.
   It affects your magic capacity (+10).
 o - a +2 plate armour of poison resistance (worn)
 q - a +0 cloak of magic resistance (worn)
 y - a +0 pair of boots (worn)
 I - a +1 shield of protection (worn)
Jewellery
 a - an uncursed amulet of clarity
 r - a +5 ring of dexterity (right hand)
 u - the cursed ring of Nihilism {+Inv rF+ rN+ Int-2 Dex-5 Stlth+}
   (You acquired it in a volcano)

   [ring of protection from fire]

   It affects your intelligence (-2).
   It affects your dexterity (-5).
   It protects you from fire.
   It protects you from negative energy.
   It lets you turn invisible.
   It makes you more stealthy.
   It has a curse placed upon it.
 w - an uncursed ring of magical power
 A - a ring of sustain abilities (left hand)
 B - an amulet of regeneration (around neck)
 G - an uncursed amulet of the gourmand
 M - an uncursed ring of see invisible
 T - an uncursed ring of protection from cold
Magical devices
 h - a wand of digging (15)
 l - a wand of disintegration (1)
 J - a wand of heal wounds (4)
 W - a wand of teleportation (4)
Scrolls
 b - 5 scrolls of identify
 e - a scroll of amnesia
 p - 5 scrolls of remove curse
 z - 6 scrolls of magic mapping
 K - 8 scrolls of teleportation
Potions
 c - a potion of agility
 j - 2 potions of flight
 m - 4 potions of curing
 C - a potion of restore abilities
Comestibles
 d - 27 bread rations
 f - a beef jerky


   Skills:
 * Level 18.3(20.5) Fighting
 * Level 26.1(23.9) Maces & Flails
 * Level 20.6(22.6) Armour
 + Level 20.8(22.8) Shields
 - Level 5.1(3.2) Spellcasting
 - Level 5.0(3.1) Translocations
 - Level 8.0(5.9) Invocations


You had 29 spell levels left.
You knew the following spells:

 Your Spells              Type           Power        Failure   Level  Hunger
a - Blink                 Tloc           N/A          67%         2    ###....


Dungeon Overview and Level Annotations

Branches:
Dungeon (15/15)            Temple (1/1) D:7            Lair (8/8) D:8
  Swamp (5/5) Lair:3        Snake (5/5) Lair:5        Slime (0/6) Lair:6
    Orc (4/4) D:9             Elf (3/3) Orc:3        Vaults (5/5) D:14
  Crypt (0/3) Vaults:3     Depths (1/5) D:15

Altars:
Ashenzari
Cheibriados
Dithmenos
Elyvilon
Fedhas
Gozag
Kikubaaqudgha
Makhleb
Nemelex Xobeh
Okawaru
Qazlal
Ru
Sif Muna
Trog
Vehumet
Xom
Yredelemnul
Zin
The Shining One
Jiyva

Shops:
D:4 :   D:5 ?   D:8 :   Orc:4 (*([}   Elf:1 (   Elf:3 ?   Snake:3 =
Snake:4 [*

Portals:
Hell: Depths:1
Ziggurat: Depths:1
Trove: D:12 (give 2 potions of cure mutation)

Annotations:
D:4 Menkaure, Sigmund
D:11 Nessos
Lair:1 exclusion: ice statue
Orc:2 Psyche


Innate Abilities, Weirdness & Mutations

You reflexively headbutt those who attack you in melee.
You have a pair of horns on your head.
You are resistant to hostile enchantments.
You are extremely robust (+30% HP).
You occasionally shout uncontrollably at your foes.


Message History

Okay, then.
Casting: Blink
Confirm with . or Enter, or press ? or * to list all spells.
A powerful magic prevents control of your teleportation.
You blink.
The lost soul fades away!
The deep elf sorcerer hits you but does no damage.
You block the ufetubus' attack. The ufetubus barely misses you.
The ufetubus hits you but does no damage.
The ufetubus closely misses you. You block the ynoxinul's attack.
You block the ufetubus' attack. x2
The ynoxinul gestures.
There is an open door here.
The deep elf sorcerer casts a spell.
Casting: Blink
Confirm with . or Enter, or press ? or * to list all spells.
A powerful magic prevents control of your teleportation.
You blink.
You block the sixfirhy's attack. The sixfirhy hits you!
* * * LOW HITPOINT WARNING * * *
The sixfirhy shocks you!
You die...

#.e# #..#
######).##############
....e(#..e....'...3..#
....e54.......#e.4ee*#
5543e.#.......#..5535#
##'#####+###########5#
§)..............e4e§.#
.e554..........4@....#
######################
≈≈≈≈≈≈≈≈≈≈≈≈≈≈≈≈≈≈≈≈≈#
≈≈≈≈≈≈≈≈≈≈≈≈≈≈≈≈≈≈≈≈≈#
.....................#
^....^...............#
.....................#
.....................#
####.#################


You could see a deep elf sorcerer, a rust devil, a sixfirhy, a deep elf mage and
an ufetubus.

Vanquished Creatures
  Boris (Vaults:3)
  Norris (D:14)
  A titan (Vaults:4)
  A deep elf blademaster (Elf:2)
  A deep elf master archer (Elf:3)
  A sphinx (Vaults:4)
  Agnes (Snake:5)
  3 thorn hunters
  A storm dragon (shapeshifter) (Elf:2)
  A revenant (Vaults:3)
  The ghost of krupnik16 the Severer, a mighty GrFi of the Shining One (Elf:2)
  2 frost giants (Vaults:4)
  10 greater nagas
  9 vault wardens
  5 fire giants
  An emperor scorpion (Depths:1)
  The ghost of CcS the Grappler, a powerful TrAr of Yredelemnul (Orc:4)
  An orc warlord (Orc:3)
  Gastronok (D:8)
  2 deep elf sorcerers (Elf:3)
  12 ironheart preservers
  Jorgrun (Vaults:3)
  3 rakshasas (Vaults:1)
  5 very ugly things
  8 stone giants
  2 deep elf demonologists
  2 deep elf annihilators
  5 ettins
  9 yaktaur captains
  2 great orbs of eyes
  A crystal guardian (Vaults:4)
  2 deep elf high priests
  34 vault guards
  7 anacondas
  27 naga warriors
  19 hydras
  A catoblepas (Lair:8)
  2 ice dragons
  The ghost of Yoba the Frost Mage, a powerful FeIE of Nemelex Xobeh (Orc:2)
  2 ghost crabs
  8 centaur warriors
  13 dancing weapons
  A deep troll earth mage (Vaults:3)
  10 alligators
  13 ogre magi
  7 death yaks (Lair:8)
  A vampire mage (D:15)
  A deep troll shaman (Lair:8)
  A tengu warrior (D:15)
  23 naga sharpshooters
  6 shock serpents
  7 orc high priests
  Nergalle (Lair:2)
  The ghost of pustota the Cleaver, an experienced DDFi of Makhleb (D:10)
  15 skeletal warriors
  A shadow wraith (Vaults:1)
  2 spriggan druids
  Erolcha (Orc:2)
  15 deep elf knights
  2 wizards
  An unseen horror (D:15)
  A flayed ghost (Depths:1)
  7 deep trolls (Vaults:3)
  13 swamp dragons
  5 deep elf summoners
  5 giant orange brains
  A lindwurm (Lair:7)
  A sea snake (Snake:4)
  The ghost of aliceinspace the Ducker, an experienced DrTm of Okawaru (D:8)
  2 salamander mystics
  4 necromancers
  7 hill giants
  An unseen horror (shapeshifter) (Vaults:4)
  Pikel (D:4)
  7 ironbrand convokers
  The ghost of pustota the Basher, an experienced MiFi of Okawaru (D:7)
  10 naga ritualists
  15 deep elf conjurers
  4 shambling mangroves
  5 hornets
  9 mana vipers
  A cyclops (shapeshifter) (Depths:1)
  18 orc knights
  A phantasmal warrior (Vaults:3)
  3 wolf spiders
  A tengu skeleton (Depths:1)
  3 orc sorcerers
  3 harpies (Vaults:1)
  A stone giant zombie (Vaults:2)
  49 ugly things
  4 griffons
  7 elephants (Lair:8)
  A sphinx skeleton (Vaults:2)
  11 cyclopes
  11 vault sentinels
  4 centaur zombies
  A manticore (D:13)
  Maurice (D:8)
  A black mamba (shapeshifter) (Elf:2)
  3 small abominations
  21 spiny frogs
  Joseph (D:7)
  8 salamanders
  2 stone giant skeletons
  5 centaur skeletons
  34 black mambas
  4 torpor snails
  10 guardian serpents
  A gargoyle (D:15)
  7 komodo dragons
  37 yaktaurs
  A death yak zombie (Depths:1)
  A queen ant (Lair:3)
  32 naga magi
  A komodo dragon (shapeshifter) (Vaults:2)
  A death yak skeleton (D:15)
  3 fire drakes
  2 kobold demonologists
  An elf (shapeshifter) (Vaults:4)
  8 freezing wraiths
  2 trolls (shapeshifter) (Vaults:1)
  3 tengu conjurers
  20 deep elf priests
  7 trolls
  A harpy zombie (D:15)
  4 polar bears
  6 boulder beetles
  17 slime creatures
  A spriggan zombie (D:15)
  7 bog bodies
  An ice dragon zombie (D:15)
  A baby alligator (shapeshifter) (D:15)
  9 baby alligators
  A wind drake (shapeshifter) (Depths:1)
  7 giant leeches
  14 blink frogs
  4 basilisks
  21 two-headed ogres
  3 wyverns
  18 ravens
  A tarantella (shapeshifter) (Vaults:3)
  2 redbacks (Elf:1)
  3 wraiths
  2 fire dragon skeletons (Depths:1)
  A deep troll skeleton (Depths:1)
  16 humans (D:14)
  25 deep elf magi
  5 spriggans (Swamp:3)
  54 yaks
  A hungry ghost (D:7)
  36 vampire mosquitoes
  A fire bat (Volcano)
  4 shadows
  A steam dragon (Lair:3)
  2 trapdoor spiders
  A water elemental (Depths:1)
  A fire elemental (Lair:3)
  16 hippogriffs
  26 deep elf fighters
  26 swamp worms
  20 wolves
  3 mottled dragons
  2 wargs
  Edmund (D:8)
  The ghost of krupnik16 the Shield-Bearer, an average GrFi of Elyvilon (D:4)
  9 insubstantial wisps
  10 soldier ants
  47 orc warriors
  78 nagas
  4 sky beasts
  4 black bears
  A human skeleton (D:15)
  44 water moccasins
  9 porcupines
  2 eyes of draining
  9 centaurs
  17 crocodiles
  2 wasps (Swamp:3)
  An eye of draining (shapeshifter) (Vaults:2)
  3 phantoms
  19 swamp drakes
  3 boggarts (D:15)
  A hell hound (Volcano)
  2 human zombies
  12 ice beasts
  An ogre (shapeshifter) (Vaults:3)
  A slave (D:4)
  48 ogres
  5 big kobolds
  2 boring beetles (Lair:8)
  A brain worm (D:15)
  Blork the orc (D:4)
  3 wyvern zombies
  An elf skeleton (D:7)
  24 giant frogs
  A wyvern skeleton (D:11)
  A water moccasin skeleton (D:6)
  9 killer bees
  7 scorpions
  An orc simulacrum (Vaults:2)
  A goliath beetle (D:8)
  14 wights
  4 electric eels
  11 crimson imps
  4 jellies
  2 quasits
  2 giant frog zombies (D:12)
  35 orc priests
  9 hounds
  2 human simulacra (Vaults:2)
  A wyvern simulacrum (D:14)
  An iron imp (D:9)
  32 orc wizards
  4 giant frog skeletons
  34 worker ants
  2 spectral orcs (Lair:2)
  A killer bee zombie (D:5)
  8 hell rats
  18 sheep
  13 iguanas
  A hound skeleton (D:9)
  A hound zombie (D:8)
  4 mummies
  A worker ant zombie (D:10)
  35 adders
  7 gnolls
  66 river rats
  4 shadow imps
  2 white imps
  2 giant mites (D:3)
  A worm (D:5)
  An ufetubus (Vaults:2)
  An adder skeleton (D:8)
  3 giant geckos
  An ooze (D:6)
  169 orcs
  10 bats
  2 bat skeletons (D:5)
  6 giant cockroaches
  20 goblins
  19 hobgoblins
  5 jackals
  26 kobolds
  14 quokkas
  4 ball pythons
  2 giant gecko skeletons (D:8)
  4 giant newts
  A giant spore (D:15)
  2 orc zombies (D:6)
  A quokka skeleton (D:7)
  A quokka zombie (D:7)
  42 rats
  3 ballistomycetes
  A crawling corpse (Vaults:3)
  A fungus (Elf:3)
2166 creatures vanquished.

Vanquished Creatures (others)
  A necromancer (Depths:1)
  An ugly thing (Swamp:3)
  An ironbrand convoker (Vaults:1)
  A swamp worm (Swamp:4)
  3 deep elf fighters
  A swamp drake (Swamp:3)
  A crocodile (Swamp:1)
  An orc wizard (Orc:2)
  An adder (Snake:4)
  A white imp (D:9)
  3 orcs
  4 giant spores
  13 fungi
  6 plants
38 creatures vanquished.

Grand Total: 2204 creatures vanquished

Notes
Turn   | Place    | Note
--------------------------------------------------------------
     0 | D:1      | pustota, the Minotaur Fighter, began the quest for the Orb.
     0 | D:1      | Reached XP level 1. HP: 19/19 MP: 1/1
    86 | D:1      | Reached XP level 2. HP: 26/26 MP: 1/1
   412 | D:1      | Reached skill level 4 in Armour
   620 | D:2      | Reached XP level 3. HP: 31/31 MP: 2/2
   804 | D:2      | Found an opulent altar of Gozag.
  1363 | D:3      | Reached XP level 4. HP: 36/39 MP: 2/2
  1729 | D:3      | Found a glowing drain.
  1746 | D:3      | Reached XP level 5. HP: 19/45 MP: 2/2
  1798 | Sewer    | Entered a sewer
  1983 | Sewer    | Reached skill level 5 in Maces & Flails
  1983 | Sewer    | Reached skill level 5 in Shields
  2246 | Sewer    | Found a white marble altar of Elyvilon.
  2620 | D:3      | You fall through a shaft for 2 floors!
  2620 | D:5      | Entered Level 5 of the Dungeon
  2629 | D:5      | Noticed an ogre
  2696 | D:5      | Killed an ogre
  2696 | D:5      | Reached skill level 5 in Armour
  2696 | D:5      | Reached XP level 6. HP: 47/52 MP: 3/3
  2716 | D:5      | Noticed an ogre
  2725 | D:5      | Killed an ogre
  2725 | D:5      | Reached skill level 6 in Maces & Flails
  2908 | D:5      | Noticed an ogre
  2916 | D:5      | Killed an ogre
  3026 | D:5      | Reached XP level 7. HP: 39/59 MP: 3/3
  3061 | D:5      | Found Plorgh's Magic Scroll Shop.
  3068 | D:5      | Bought a scroll of identify for 24 gold pieces
  3073 | D:5      | Bought a scroll of identify for 24 gold pieces
  3597 | D:4      | Noticed Blork the orc
  3597 | D:4      | Reached skill level 7 in Maces & Flails
  3605 | D:4      | Killed Blork the orc
  3654 | D:4      | Noticed krupnik16's ghost (average GrFi)
  3685 | D:4      | Killed krupnik16's ghost
  3879 | D:4      | Noticed Menkaure
  3879 | D:4      | Noticed Sigmund
  4227 | D:4      | Noticed Pikel
  4247 | D:4      | Killed Pikel
  4247 | D:4      | Reached skill level 9 in Maces & Flails
  4247 | D:4      | Reached XP level 8. HP: 36/66 MP: 3/3
  4292 | D:4      | Found Shregyp's Book Emporium.
  5091 | D:6      | Reached skill level 10 in Maces & Flails
  5262 | D:6      | Reached XP level 9. HP: 63/71 MP: 4/4
  5705 | D:7      | Noticed Joseph
  6393 | D:7      | Noticed pustota's ghost (experienced MiFi)
  6654 | D:7      | Killed Joseph
  6654 | D:7      | Reached skill level 11 in Maces & Flails
  6937 | D:7      | Killed pustota's ghost
  7335 | D:7      | Reached skill level 5 in Fighting
  7359 | D:7      | Found a staircase to the Ecumenical Temple.
  7371 | Temple   | Entered the Ecumenical Temple
  7470 | Temple   | Became a worshipper of Warmaster Okawaru
  7819 | D:7      | Reached XP level 10. HP: 81/81 MP: 4/4
  7827 | D:7      | Reached skill level 12 in Maces & Flails
  8230 | D:8      | Acquired Okawaru's first power
  8300 | D:8      | Found a staircase to the Lair.
  8629 | D:8      | Noticed aliceinspace's ghost (experienced DrTm)
  8813 | D:8      | Noticed Maurice
  8825 | D:8      | Killed Maurice
  8825 | D:8      | Reached skill level 13 in Maces & Flails
  8915 | D:8      | Found Kati Sko's Book Shoppe.
  8915 | D:8      | Noticed Edmund
  8928 | D:8      | Killed Edmund
  8928 | D:8      | Reached skill level 10 in Shields
  8997 | D:8      | Killed aliceinspace's ghost
  8997 | D:8      | Reached skill level 10 in Armour
  9227 | D:8      | Noticed Gastronok
  9470 | D:9      | Found a staircase to the Orcish Mines.
  9953 | Lair:1   | Entered Level 1 of the Lair of Beasts
 10066 | Lair:1   | Got a twisted mace
 10086 | Lair:1   | Identified the +5 mace "Globulus" {vamp, MP+9 Int+3} (You found it on level 1 of the Lair of Beasts)
 10252 | Lair:1   | Reached XP level 11. HP: 86/86 MP: 4/4
 10296 | Lair:1   | Reached skill level 14 in Maces & Flails
 10327 | Lair:1   | Noticed an ice dragon
 10448 | Lair:1   | Noticed a six-headed hydra
 10457 | Lair:1   | Killed a six-headed hydra
 10809 | Lair:1   | HP: 4/86 [ice dragon (10)]
 10814 | Lair:1   | HP: 2/86 [ice dragon (1)]
 11207 | D:8      | Reached skill level 15 in Maces & Flails
 11629 | D:8      | Killed Gastronok
 11866 | D:9      | Acquired Okawaru's second power
 12081 | D:9      | Gained mutation: Your muscles are strong. (Str +2) [potion of mutation]
 12081 | D:9      | Gained mutation: You are robust (+10% HP). [potion of mutation]
 12081 | D:9      | Gained mutation: Scrolls take you a little longer to read. [potion of mutation]
 12083 | D:9      | Gained mutation: You can spit poison. [potion of mutation]
 12083 | D:9      | Lost mutation: You can spit poison. [potion of mutation]
 12083 | D:9      | Gained mutation: You tend to lose your temper in combat. [potion of mutation]
 12084 | D:9      | Gained mutation: You are resistant to hostile enchantments. [potion of mutation]
 12084 | D:9      | Gained mutation: You are dopey. (Int -2) [potion of mutation]
 12084 | D:9      | Gained mutation: You are very robust (+20% HP). [potion of mutation]
 12431 | D:10     | Entered Level 10 of the Dungeon
 12579 | D:10     | Noticed pustota's ghost (experienced DDFi)
 12615 | D:10     | Killed pustota's ghost
 12615 | D:10     | Reached XP level 12. HP: 76/112 MP: 5/5
 13132 | D:11     | Reached skill level 16 in Maces & Flails
 13149 | D:11     | Found a white marble altar of Elyvilon.
 13215 | D:11     | Identified a scroll of acquirement
 13228 | D:11     | Lost mutation: Scrolls take you a little longer to read. [potion of cure mutation]
 13228 | D:11     | Lost mutation: You are dopey. (Int -2) [potion of cure mutation]
 13228 | D:11     | Lost mutation: You tend to lose your temper in combat. [potion of cure mutation]
 13228 | D:11     | Lost mutation: Your muscles are strong. (Str +2) [potion of cure mutation]
 13230 | D:11     | Gained mutation: You are extremely robust (+30% HP). [potion of beneficial mutation]
 13553 | D:11     | Noticed Nessos
 14262 | Lair:2   | Noticed a six-headed hydra
 14271 | Lair:2   | Killed a six-headed hydra
 14533 | Lair:2   | Received a gift from Okawaru
 14625 | Lair:2   | Noticed Nergalle
 15091 | Lair:1   | Killed an ice dragon
 15493 | Lair:1   | Noticed an ice statue
 15782 | Lair:2   | Killed Nergalle
 16474 | Lair:3   | Reached skill level 17 in Maces & Flails
 16690 | Lair:3   | Got a warped dagger
 16724 | Lair:3   | Reached XP level 13. HP: 135/139 MP: 5/5
 16738 | Lair:3   | Noticed a six-headed hydra
 16755 | Lair:3   | Killed a six-headed hydra
 17179 | Lair:3   | Found a staircase to the Swamp.
 17693 | Lair:4   | Got a faintly glowing chain mail
 17704 | Lair:4   | Identified the +5 chain mail "Pyorgh Tuysa" {Stlth+} (You found it on level 4 of the Lair of Beasts)
 18646 | Lair:5   | Got a transparent whip
 18647 | Lair:5   | Identified the +3 whip "Jieliocu" {drain, -Tele rF+ MR+ Str+2 Stlth+} (You found it on level 5 of the Lair of Beasts)
 19690 | Lair:5   | Reached skill level 18 in Maces & Flails
 19691 | Lair:5   | Found a staircase to the Snake Pit.
 20146 | Lair:6   | Received a gift from Okawaru
 20170 | Lair:6   | Got a faintly humming ring mail
 20187 | Lair:6   | Identified the +0 ring mail "Itwedghergh" {rF+ rCorr Int-3 SInv Stlth-} (You found it on level 6 of the Lair of Beasts)
 20465 | Lair:6   | Found a staircase to the Slime Pits.
 20466 | Lair:6   | Found a viscous altar of Jiyva.
 21490 | Lair:8   | Entered Level 8 of the Lair of Beasts
 21631 | Lair:8   | Found a dark tunnel.
 21640 | Volcano  | Entered a volcano
 21656 | Volcano  | Got a glittering iron ring
 21657 | Volcano  | Identified the ring of Nihilism {+Inv rF+ rN+ Int-2 Dex-5 Stlth+} (You acquired it in a volcano)
 22044 | Lair:8   | Reached XP level 14. HP: 79/154 MP: 5/5
 22214 | Lair:8   | Reached skill level 10 in Fighting
 22308 | Lair:8   | Received a gift from Okawaru
 22492 | Lair:8   | Reached skill level 19 in Maces & Flails
 23303 | Orc:1    | Entered Level 1 of the Orcish Mines
 23509 | Orc:2    | Noticed Erolcha
 23556 | Orc:2    | Killed Erolcha
 23658 | Orc:2    | Received a gift from Okawaru
 23779 | Orc:2    | Noticed Yoba's ghost (powerful FeIE)
 23796 | Orc:2    | Killed Yoba's ghost
 24179 | Orc:3    | Found a staircase to the Elven Halls.
 24319 | Orc:3    | Found a bloodstained altar of Trog.
 24491 | Orc:3    | Noticed an orc warlord
 24524 | Orc:3    | Killed an orc warlord
 24735 | Orc:2    | Noticed Psyche
 24767 | Elf:1    | Entered Level 1 of the Elven Halls
 25175 | Elf:1    | Found Sahet's Weapon Shop.
 25956 | Orc:4    | Entered Level 4 of the Orcish Mines
 26178 | Orc:4    | Noticed CcS's ghost (powerful TrAr)
 26207 | Orc:4    | Killed CcS's ghost
 26207 | Orc:4    | Reached XP level 15. HP: 83/169 MP: 6/6
 26249 | Orc:4    | Found Apuq's Quality Used Wands.
 26548 | Orc:3    | Reached skill level 15 in Armour
 26614 | Orc:4    | Reached skill level 20 in Maces & Flails
 26839 | Orc:3    | Reached skill level 15 in Shields
 27249 | Orc:4    | Found Xoes' Antique Armour Boutique.
 27249 | Orc:4    | Found Eqaxaull's Weapon Boutique.
 27249 | Orc:4    | Found Ebravih's Antique Weapon Shop.
 27249 | Orc:4    | Found Ucuagets' General Store.
 27262 | Orc:4    | Bought a pair of faintly humming gloves for 190 gold pieces
 27272 | Orc:4    | Identified the -1 pair of gloves of the Shoals {MP+9} (You bought it in a shop on level 4 of the Orcish Mines)
 27308 | Orc:4    | Bought the +3 pair of gauntlets of War {Slay+5} for 950 gold pieces
 28422 | D:12     | Found a portal to a secret trove of treasure.
 28892 | D:13     | Found an ancient bone altar of Kikubaaqudgha.
 29528 | D:14     | Received a gift from Okawaru
 29769 | D:14     | Gained mutation: You occasionally shout uncontrollably at your foes. [mutagenic glow]
 30085 | D:14     | Noticed Norris
 30145 | D:14     | Killed Norris
 30263 | D:14     | Found a gate to the Vaults.
 30504 | D:15     | Entered Level 15 of the Dungeon
 30529 | D:15     | Reached skill level 21 in Maces & Flails
 30854 | D:15     | Reached XP level 16. HP: 176/183 MP: 6/6
 30864 | D:15     | Found a staircase to the Depths.
 30918 | D:15     | Received a gift from Okawaru
 31489 | D:15     | Reached XP level 17. HP: 185/197 MP: 6/6
 31962 | Swamp:1  | Entered Level 1 of the Swamp
 32447 | Swamp:1  | Found a stormy altar of Qazlal.
 32945 | Swamp:2  | Received a gift from Okawaru
 34281 | Swamp:3  | Reached skill level 22 in Maces & Flails
 34697 | Swamp:4  | Reached skill level 15 in Fighting
 35202 | Swamp:5  | Entered Level 5 of the Swamp
 35541 | Swamp:5  | Reached XP level 18. HP: 100/211 MP: 7/7
 35640 | Swamp:5  | Received a gift from Okawaru
 36301 | Swamp:5  | Got a decaying rune of Zot
 36908 | Elf:2    | Found a runed gate.
 36909 | Elf:2    | Found a runed gate.
 36910 | Elf:2    | Found a runed gate.
 36991 | Elf:2    | Noticed krupnik16's ghost (mighty GrFi)
 37410 | Elf:2    | Killed krupnik16's ghost
 37783 | Elf:2    | Reached skill level 23 in Maces & Flails
 38166 | Elf:2    | Identified the Almanac of Frigorific Attacks
 40233 | Elf:3    | Entered Level 3 of the Elven Halls
 40391 | Lair:2   | Learned a level 2 spell: Blink
 40512 | Snake:1  | Entered Level 1 of the Snake Pit
 40727 | Snake:1  | Reached skill level 1 in Invocations
 41296 | Snake:2  | Reached skill level 1 in Spellcasting
 41407 | Snake:2  | Reached skill level 1 in Translocations
 42711 | Snake:3  | Received a gift from Okawaru
 42731 | Snake:3  | Reached XP level 19. HP: 219/223 MP: 14/14
 42903 | Snake:3  | Found Usut's Jewellery Emporium.
 43849 | Snake:4  | Found Sheacs Esebb's Assorted Antiques.
 43875 | Snake:4  | Bought a scroll of identify for 72 gold pieces
 43893 | Snake:4  | Found Reirees' Antique Armour Boutique.
 43925 | Snake:4  | Bought a blackened plate armour for 812 gold pieces
 43936 | Snake:4  | Identified the cursed -1 plate armour of the Sun {+Inv Int+3} (You bought it in a shop on level 4 of the Snake Pit)
 44099 | Snake:5  | Entered Level 5 of the Snake Pit
 44389 | Snake:5  | Received a gift from Okawaru
 45403 | Snake:5  | Reached skill level 24 in Maces & Flails
 45935 | Snake:5  | Received a gift from Okawaru
 46089 | Snake:5  | Got a serpentine rune of Zot
 46215 | Snake:5  | Noticed Agnes
 46336 | Snake:5  | Killed Agnes
 46974 | Snake:5  | Reached XP level 20. HP: 236/236 MP: 21/21
 47723 | Vaults:1 | Entered Level 1 of the Vaults
 47773 | Vaults:1 | Received a gift from Okawaru
 49092 | Vaults:1 | Got an uncursed ichor-stained triple crossbow {penet}
 49543 | Vaults:2 | Received a gift from Okawaru
 49595 | Vaults:2 | Got a bone morningstar {god gift}
 49596 | Vaults:2 | Identified the +3 morningstar "Ehonugueha" {flame, rElec rF- MP+9 Dex+2} (Okawaru gifted it to you on level 2 of the Vaults)
 50305 | Vaults:2 | Reached skill level 5 in Translocations
 50364 | Vaults:2 | Paralysed by the power of Zot for 5 turns
 50786 | Vaults:2 | Received a gift from Okawaru
 50822 | Vaults:2 | Reached skill level 25 in Maces & Flails
 50842 | Vaults:2 | Reached skill level 5 in Invocations
 50984 | Vaults:3 | Reached XP level 21. HP: 238/248 MP: 25/25
 51099 | Vaults:3 | Found a staircase to the Crypt.
 51997 | Vaults:3 | Received a gift from Okawaru
 52281 | Vaults:3 | Noticed Jorgrun
 52308 | Vaults:3 | Killed Jorgrun
 52410 | Vaults:3 | Noticed Boris
 52448 | Vaults:3 | Killed Boris
 52525 | Vaults:3 | Received a gift from Okawaru
 52528 | Vaults:3 | Got a blackened flail {god gift}
 52530 | Vaults:3 | Identified the +3 flail of the Fulmar {holy, rN+ MR- Int+3} (Okawaru gifted it to you on level 3 of the Vaults)
 52811 | Vaults:3 | Reached skill level 5 in Spellcasting
 54898 | Vaults:5 | Entered Level 5 of the Vaults
 55243 | Vaults:4 | Received a gift from Okawaru
 55336 | Vaults:4 | Reached XP level 22. HP: 224/261 MP: 26/27
 55766 | Vaults:5 | Noticed an ancient lich
 56497 | Depths:1 | Entered Level 1 of the Depths
 56986 | Depths:1 | Received a gift from Okawaru
 56994 | Depths:1 | Found a gateway to Hell.
 57558 | Depths:1 | Reached skill level 26 in Maces & Flails
 57725 | Depths:1 | Found a gateway to a ziggurat.
 58333 | Elf:3    | Found Qeigi's Magic Scroll Shoppe.
 58342 | Elf:3    | Bought a scroll of teleportation for 48 gold pieces
 58342 | Elf:3    | Bought a scroll of teleportation for 48 gold pieces
 58342 | Elf:3    | Bought a scroll of magic mapping for 56 gold pieces
 59148 | Elf:3    | HP: 9/263 [deep elf sorcerer/blast of hellfire (47)]
 59155 | Elf:3    | HP: 7/263 [sixfirhy[a deep elf sorcerer] (8)]
 59155 | Elf:3    | Slain by a sixfirhy

Action                   |  1- 3 |  4- 6 |  7- 9 | 10-12 | 13-15 | 16-18 | 19-21 | 22-24 || total
-------------------------+-------+-------+-------+-------+-------+-------+-------+-------++-------
Melee: Flail             |   101 |   112 |       |       |       |       |       |       ||   213
       Whip              |       |     2 |   430 |   425 |    77 |       |       |       ||   934
       Dire flail        |       |       |    10 |       |       |       |       |       ||    10
       Mace              |       |       |       |  1011 |  2527 |  1898 |  3026 |   699 ||  9161
       Demon whip        |       |       |       |       |       |     5 |   342 |       ||   347
 Cast: Blink             |       |       |       |       |       |       |    10 |    21 ||    31
Invok: Heroism           |       |       |       |    19 |    30 |    21 |    23 |     5 ||    98
       Finesse           |       |       |       |     1 |     5 |     1 |    12 |     3 ||    22
Evoke: Wand              |       |       |     1 |     1 |     2 |     1 |       |       ||     5
  Use: Scroll            |       |     2 |     2 |    18 |     8 |    12 |    12 |     4 ||    58
       Potion            |       |       |     2 |    22 |     5 |     3 |     1 |     7 ||    40
 Stab: Distracted        |       |       |       |     1 |       |       |       |       ||     1
       Fleeing           |       |       |       |     1 |       |       |       |       ||     1
       Invisible         |       |       |       |       |     1 |       |       |       ||     1
       Petrifying        |       |       |       |       |     1 |       |       |       ||     1
       Petrified         |       |       |       |       |     1 |       |       |       ||     1
       Confused          |       |       |       |       |       |     1 |       |       ||     1
  Eat: Chunk             |       |     7 |     6 |    15 |    51 |    26 |    77 |     9 ||   191
       Bread ration      |       |       |     2 |       |     1 |       |       |       ||     3
       Meat ration       |       |       |       |     4 |       |       |       |       ||     4
       Pizza             |       |       |       |     1 |       |     2 |       |       ||     3
       Fruit             |       |       |       |       |    12 |     8 |       |       ||    20
       Beef jerky        |       |       |       |       |     1 |     1 |       |       ||     2
